 Dungeon Crawl Stone Soup version 0.31-a0-1540-g5a0b83f (webtiles) character file.

Game seed: 8123410114144463210

589220 CountryCottage the Imperceptible (level 27, -11/134 (149) HPs)
             Began as a Vine Stalker Fighter on Jan 1, 2024.
             Was a High Priest of Uskayaw.
             Killed from afar by a Killer Klown (31 damage)
             ... with a klown pie
             ... on level 2 of the Realm of Zot.
             The game lasted 01:29:16 (47684 turns).

CountryCottage the Imperceptible (VSFi)            Turns: 47684, Time: 01:29:17

HP:   -11/134 (149) AC: 48    Str: 21    XL:     27
MP:   0/46          EV:  4    Int: 11    God:    Uskayaw [*****.]
Gold: 4163          SH:  0    Dex: 32    Spells: 26/26 levels left

rFire   + + .        V - +7 captain's cutlass {speed, disarm}
rCold   + . .        P - +4 tower shield {AC+3}
rNeg    . . .        a - +8 orange crystal plate armour {Archmagi, Int+3 Clar}
rPois   +            z - +2 helmet {SInv}
rElec   .            y - +2 cloak
rCorr   .            M - +2 pair of gloves {hurl}
SInv    +            G - +1 pair of boots "Zaseotui" {^Drain rF+ Dex+5 Stlth+}
Will    +++++        N - necklace of Bloodlust {Fury *Rage Will++ Int-3 Slay+6}
Stlth   ++++         k - ring of protection from cold
HPRegen 1.22/turn    n - ring "Lazaafa" {rF+ MP+9 Str+3 Int+3 SInv}
MPRegen 0.30/turn

%: clarity, guardian spirit, archmagi
@: fragile (+50% incoming damage), held, slowed, studying 2 skills, heavily
drained, unable to drink, very slow
A: fangs 3, regeneration 1, magic shield, antimagic bite, no potion heal 2,
iridescent scales 2, poison resistance, weak 1
}: 3/15 runes: serpentine, barnacled, silver
a: Renounce Religion, Stomp, Line Pass, Grand Finale


You were on level 2 of the Realm of Zot.
You worshipped Uskayaw.
Uskayaw was most pleased with you.
You visited 10 branches of the dungeon, and saw 45 of its levels.
You visited the Abyss 1 time.
You visited 1 bazaar.
You also visited: Ossuary.

You collected 7404 gold pieces.
You spent 3241 gold pieces at shops.

Inventory:

Hand Weapons
 m - a +9 quick blade of protection
 F - the +11 quick blade "Beastslayer" {venom, Dex+3 SInv}
   (You acquired it on level 1 of the Depths)

   Dex+3:     It affects your dexterity (+3).
   SInv:      It lets you see invisible.
 V - the +7 captain's cutlass (weapon) {speed, disarm}
   (You found it on level 5 of the Vaults)
Armour
 a - the +8 orange crystal plate armour (worn) {Archmagi, Int+3 Clar}
   (You found it on level 1 of the Elven Halls)

   Int+3:     It affects your intelligence (+3).
   Clar:      It protects you from confusion, rage, mesmerisation and fear.
 y - a +2 cloak (worn)
 z - a +2 helmet of see invisible (worn)
 G - the +1 pair of boots "Zaseotui" (worn) {^Drain rF+ Dex+5 Stlth+}
   (You bought it in a shop on level 12 of the Dungeon)

   Dex+5:     It affects your dexterity (+5).
   rF+:       It protects you from fire.
   ^Drain:    It drains your maximum health when unequipped.
   Stlth+:    It makes you more stealthy.
 M - a +2 pair of gloves of hurling (worn)
 P - a +4 tower shield of protection (worn)
Jewellery
 g - an amulet of faith
 k - a ring of protection from cold (left hand)
 n - the ring "Lazaafa" (right hand) {rF+ MP+9 Str+3 Int+3 SInv}
   (You found it on level 13 of the Dungeon)

   [ring of magical power]

   Str+3:     It affects your strength (+3).
   Int+3:     It affects your intelligence (+3).
   rF+:       It protects you from fire.
   MP+9:      It affects your magic capacity (+9).
   SInv:      It lets you see invisible.
 N - the necklace of Bloodlust (around neck) {Fury *Rage Will++ Int-3 Slay+6}
   (You took it off a deep elf annihilator on level 3 of the Elven Halls)

   [amulet of nothing]

   Fury:      It extends the wearer's berserk rage when killing foes.
   Int-3:     It affects your intelligence (-3).
   Slay+6:    It affects your accuracy & damage with ranged weapons and melee
   (+6).
   Will++:    It greatly increases your willpower.
   *Rage:     It berserks you when you make melee attacks (+50% chance).
Wands
 c - a wand of quicksilver (12)
 l - a wand of charming (37)
 p - a wand of mindburst (43)
 u - a wand of iceblast (22)
 x - a wand of polymorph (42)
 D - a wand of digging (9)
 J - a wand of flame (40)
Scrolls
 b - 4 scrolls of poison
 e - a scroll of vulnerability
 f - 15 scrolls of teleportation
 i - 5 scrolls of blinking
 o - 4 scrolls of immolation
 q - 10 scrolls of revelation
 s - 2 scrolls of summoning
 C - 4 scrolls of fog
 E - 9 scrolls of fear
Potions
 d - 9 potions of might
 j - 4 potions of magic
 r - 6 potions of mutation
 t - 14 potions of curing
 v - 8 potions of haste
 I - 3 potions of enlightenment
 O - 4 potions of invisibility
 U - a potion of berserk rage
 W - 2 potions of cancellation
Miscellaneous
 h - a phantom mirror
 K - a sack of spiders
 L - a phial of floods
 Y - a lightning rod (4/4)
 Z - a tin of tremorstones (2/2)


   Skills:
 * Level 17.1 Fighting
 * Level 18.9 Short Blades
 + Level 10.6 Armour
 + Level 7.0 Dodging
 + Level 26.7 Stealth
 + Level 18.0 Shields
 * Level 18.9 Invocations
 * Level 16.4 Evocations


You had 26 spell levels left.
You didn't know any spells.
Your spell library contained the following spells:

 Spells                   Type           Power      Damage    Failure   Level
 Apportation              Tloc           0%         N/A       100%        1
 Freeze                   Ice            0%         1d3       100%        1
 Kiss of Death            Conj/Necr      0%         2d5       100%        1
 Magic Dart               Conj           0%         1d3       100%        1
 Shock                    Conj/Air       0%         1d3       100%        1
 Slow                     Hex            0%         N/A       100%        1
 Sting                    Conj/Alch      0%         1d3       100%        1
 Summon Small Mammal      Summ           0%         N/A       100%        1
 Blink                    Tloc           0%         N/A       100%        2
 Call Imp                 Summ           0%         N/A       100%        2
 Cigotuvi's Dreadful Rot  Necr/Alch/Air  0%         N/A       100%        2
 Ensorcelled Hibernation  Hex/Ice        0%         N/A       100%        2
 Jinxbite                 Hex            0%         N/A       100%        2
 Lesser Beckoning         Tloc           0%         N/A       100%        2
 Mercury Vapours          Alch/Air       0%         N/A       100%        2
 Momentum Strike          Conj/Tloc      0%         3d8       100%        2
 Searing Ray              Conj           0%         2d4       100%        2
 Static Discharge         Conj/Air       0%         3-3/arc   100%        2
 Call Canine Familiar     Summ           0%         N/A       100%        3
 Confusing Touch          Hex            0%         N/A       100%        3
 Dazzling Flash           Conj/Hex       0%         N/A       100%        3
 Frozen Ramparts          Ice            0%         1d1       100%        3
 Fugue of the Fallen      Necr           0%         N/A       100%        3
 Gell's Gravitas          Tloc           0%         N/A       100%        3
 Hailstorm                Conj/Ice       0%         3d5       100%        3
 Inner Flame              Hex/Fire       0%         N/A       100%        3
 Mephitic Cloud           Conj/Alch/Air  0%         N/A       100%        3
 Ozocubu's Armour         Ice            0%         N/A       100%        3
 Passwall                 Erth           0%         N/A       100%        3
 Sigil of Binding         Hex            0%         N/A       100%        3
 Summon Ice Beast         Ice/Summ       0%         N/A       100%        3
 Swiftness                Air            0%         N/A       100%        3
 Teleport Other           Tloc           0%         N/A       100%        3
 Vampiric Draining        Necr           0%         2d6       100%        3
 Volatile Blastmotes      Fire/Tloc      0%         2d10      100%        3
 Airstrike                Air            0%         2d(0-16)  100%        4
 Anguish                  Hex/Necr       0%         N/A       100%        4
 Animate Armour           Summ/Erth      0%         N/A       100%        4
 Animate Dead             Necr           0%         N/A       100%        4
 Brom's Barrelling Bould  Conj/Erth      0%         2d3       100%        4
 Cause Fear               Hex            0%         N/A       100%        4
 Dimensional Bullseye     Hex/Tloc       0%         N/A       100%        4
 Dispel Undead            Necr           0%         3d6       100%        4
 Fulminant Prism          Conj/Alch      0%         3d5       100%        4
 Ignite Poison            Fire/Alch      0%         N/A       100%        4
 Iskenderun's Mystic Bla  Conj/Tloc      0%         2d3       100%        4
 Martyr's Knell           Necr/Summ      0%         N/A       100%        4
 Olgreb's Toxic Radiance  Alch           0%         N/A       100%        4
 Passage of Golubria      Tloc           0%         N/A       100%        4
 Sticky Flame             Fire/Alch      0%         2d4       100%        4
 Summon Blazeheart Golem  Fire/Summ      0%         N/A       100%        4
 Summon Lightning Spire   Summ/Air       0%         N/A       100%        4
 Vhi's Electric Charge    Tloc/Air       0%         N/A       100%        4
 Alistair's Intoxication  Alch           0%         N/A       100%        5
 Borgnjor's Vile Clutch   Necr/Erth      0%         N/A       100%        5
 Curse of Agony           Necr           0%         N/A       100%        5
 Fireball                 Conj/Fire      0%         3d3       100%        5
 Freezing Cloud           Conj/Ice/Air   0%         6-21      100%        5
 Irradiate                Conj/Alch      0%         3d11      100%        5
 Lee's Rapid Deconstruct  Erth           0%         3d4*      100%        5
 Metabolic Englaciation   Hex/Ice        0%         N/A       100%        5
 Silence                  Hex/Air        0%         N/A       100%        5
 Summon Forest            Summ/Tloc      0%         N/A       100%        5
 Summon Mana Viper        Hex/Summ       0%         N/A       100%        5
 Yara's Violent Unravell  Hex/Alch       0%         3d3       100%        5
 Bombard                  Conj/Erth      0%         9d1       100%        6
 Death Channel            Necr           0%         N/A       100%        6
 Dispersal                Tloc           0%         N/A       100%        6
 Sculpt Simulacrum        Ice/Alch       0%         N/A       100%        6
 Starburst                Conj/Fire      0%         6d3       100%        6
 Enfeeble                 Hex            0%         N/A       100%        7
 Haunt                    Necr/Summ      0%         N/A       100%        7
 Monstrous Menagerie      Summ           0%         N/A       100%        7
 Orb of Destruction       Conj           0%         9d5       100%        7
 Ozocubu's Refrigeration  Ice            0%         4d7       100%        7
 Spellforged Servitor     Conj/Summ      0%         N/A       100%        7
 Borgnjor's Revivificati  Necr           0%         N/A       100%        8
 Discord                  Hex            0%         N/A       100%        8
 Ignition                 Fire           0%         3d3       100%        8
 Infestation              Necr           0%         N/A       100%        8
 Lehudib's Crystal Spear  Conj/Erth      0%         10d2      100%        8
 Maxwell's Capacitive Co  Air            0%         ∞         100%        8
 Summon Horrible Things   Summ           0%         N/A       100%        8
 Death's Door             Necr           0%         N/A       100%        9
 Dragon's Call            Summ           0%         N/A       100%        9


Dungeon Overview and Level Annotations

Branches:
Dungeon (15/15)            Temple (1/1) D:7            Lair (5/5) D:10
 Shoals (4/4) Lair:2        Snake (4/4) Lair:3        Slime (0/5) Lair:4
    Orc (2/2) D:12            Elf (3/3) Orc:2        Vaults (5/5) D:13
  Crypt (0/3) Vaults:3     Depths (4/4) D:15            Zot (2/5) Depths:4
Ossuary (visited)

Altars:
Ashenzari
Cheibriados
Dithmenos
Elyvilon
Fedhas
Gozag
Hepliaklqana
Kikubaaqudgha
Makhleb
Nemelex Xobeh
Okawaru
Qazlal
Ru
Sif Muna
Trog
Uskayaw
Vehumet
Wu Jian
Xom
Yredelemnul
Zin
The Shining One
Jiyva

Shops:
D:9 :   D:12 [   D:13 *   Orc:2 :(:   Elf:1 [   Elf:2 !   Snake:3 ?
Vaults:2 [   Vaults:3 *   Zot:1 **   Depths:1 *![   Depths:4 !

Portals:
Hell: Depths:1 Depths:2 Depths:3 Depths:4
Abyss: Depths:3
Pandemonium: Depths:2
Ziggurat: Depths:1
Trove: Depths:4 (give 6 scrolls of fog)

Annotations:
D:3 2 transporters, samfromsteam's ghost, amateur MiBe
Lair:2 exclusion: 2 oklob plants
Lair:4 1 runed translucent door, Syrim's ghost, journeyman DsSh
Depths:2 2 transporters, Vyimam's ghost, adept TrGl
Zot:1 3 runed translucent doors, exclusion: obsidian statue, Gusador's ghost, legendary MiFi


Innate Abilities, Weirdness & Mutations

You have razor-sharp teeth.
Your natural rate of healing is unusually fast.
When hurt, damage is shared between your health and your magic reserves.
Your bite disrupts and absorbs the magic of your enemies.
Potions cannot restore your health.
You are mostly covered in iridescent scales. (AC +4)
Your system is resistant to poisons. (rPois)
You are weak. (Str -2)


Message History

The helpless purple draconian shifter fails to defend itself.
You stick the purple draconian shifter like a pincushion!!!!!!
You kill the moth of wrath!
You kill the purple draconian!
You kill the purple draconian shifter!
The red draconian is no longer paralysed.
The Killer Klown is no longer paralysed.
The green draconian is no longer paralysed.
The jorogumo stares at you and mumbles some strange words.
You block the stream of webbing.
The Killer Klown blinks!
You block the white draconian's attack.
You hit the white draconian. You bite the white draconian!!
You drain its power.
You feel invigorated.
The white draconian is almost dead.
The jorogumo stares at you and mumbles some strange words.
The stream of webbing hits you but does no damage.
You are caught in a web!
Unknown command.
You are caught in a web!
Unknown command.
You are caught in a web!
Unknown command.
You are caught in a web!
Unknown command.
You are caught in a web!
The web tears apart.
The jorogumo is no longer sharing its pain.
The jorogumo stares at you and mumbles some strange words.
The stream of webbing hits you but does no damage.
You are caught in a web!
The Killer Klown pies you viciously! The klown pie hits you!!
Peanut brittle!
Your body becomes as fragile as glass!
The jorogumo hits you!!
You feel yourself slow down.
The white draconian breathes frost at you.
The blast of cold hits you but does no damage.
The jorogumo casts a spell at you. The bolt of negative energy hits you!!!
You feel drained.
* * * LOW HITPOINT WARNING * * *
The Killer Klown pies you viciously! The klown pie hits you!!
Lemon!
You feel unable to drink.
You die...

### ..## ##########
...#####........##
#....#..........###
#...........).....#
#......H..)dd.....#
#......c.c†@)......
#.<........H.......
#..........d.......
.......(.............
#.#...................
#....>...........p....
###...................
#.........^§........
#..........


You could see a Killer Klown (pain bonded), a green draconian (pain bonded), a
red draconian (pain bonded), a white draconian (catching breath, pain bonded), 2
jorogumos and 2 satyrs.

Vanquished Creatures
  2 dread liches (Vaults:5)
  2 ancient liches (Vaults:5)
  Mennas (Vaults:2)
  2 juggernauts (Depths:2)
  Sojobo (Depths:2)
  5 golden dragons
  2 caustic shrikes
  Norris (Depths:1)
  Jory (Vaults:4)
  the Enchantress (Depths:2)
  2 doom hounds (Depths:3)
  2 hellephants (Depths:2)
  Zenata (Vaults:3)
  Jorgrun (Snake:2)
  3 tentacled monstrosities
  A walking crystal tome (Depths:2)
  3 liches
  5 deep elf blademasters
  4 titans (Vaults:5)
  Grunn (Depths:3)
  4 sphinxes
  4 quicksilver dragons
  A kraken (Shoals:1)
  Asterion (Elf:2)
  3 deep elf master archers
  2 death cobs (Zot:1)
  Polyphemus (Shoals:3)
  A tentacled starspawn (Abyss:4)
  6 shadow dragons
  9 storm dragons
  Agnes (D:15)
  Roxanne (Elf:2)
  Ilsuiw (Shoals:3)
  A revenant (Vaults:3)
  The ghost of Fayhism the Metamorph, an adept DrSh of Gozag (Shoals:1)
  Kirke (D:14)
  10 tengu reavers
  4 protean progenitors
  11 nagarajas (Snake:4)
  4 draconian shifters
  9 fire giants
  2 draconian monks
  A draconian scorcher (Zot:1)
  9 frost giants
  8 deep elf sorcerers
  2 orc warlords
  20 vault wardens
  A draconian stormcaller (Zot:1)
  7 deep elf elementalists (Elf:3)
  19 ironbound preservers
  5 spriggan defenders
  A ghost moth (Vaults:4)
  3 draconian annihilators
  2 formless jellyfish
  A vampire knight (Depths:4)
  11 stone giants
  A reaper (Depths:1)
  27 very ugly things
  A quicksilver ooze (Shoals:3)
  Nessos (Orc:2)
  11 ironbound thunderhulks
  9 deep elf annihilators
  10 deep elf demonologists
  3 black draconians
  13 dire elephants
  2 red draconians
  10 deep elf death magi
  7 purple draconians
  7 green draconians
  A yellow draconian (Zot:2)
  12 spark wasps
  3 war gargoyles
  3 starcursed masses (Abyss:4)
  17 ettins
  4 crystal guardians
  5 white draconians
  14 merfolk impalers
  A green death (Depths:1)
  2 jiangshi (Depths:1)
  3 merfolk javelineers (Shoals:4)
  Josephine (Lair:5)
  9 fire dragons
  8 deep elf high priests
  23 yaktaur captains
  4 entropy weavers
  Erolcha (D:9)
  32 vault guards
  5 hydras
  6 ice dragons
  3 great orbs of eyes
  2 rakshasas (Depths:1)
  3 salamander tyrants (Snake:4)
  Erica (D:8)
  5 peacekeepers
  A juggernaut simulacrum (Abyss:4)
  3 catoblepae
  2 sphinx zombies
  6 spriggan air magi
  10 ironbound frosthearts
  6 anacondas
  9 two-headed ogres
  12 centaur warriors
  8 ogre magi
  2 radroaches (Zot:1)
  5 satyrs
  4 boulder beetles
  A two-headed ogre (shapeshifter) (Depths:2)
  An alligator snapping turtle (Shoals:1)
  20 naga warriors
  6 merfolk aquamancers
  7 deep troll earth magi
  4 deep troll shamans
  A sphinx skeleton (Depths:3)
  8 tengu warriors
  3 vampire magi
  9 death yaks
  27 dancing weapons
  7 hell hogs (Depths:2)
  6 orc high priests
  A demonic crawler (Depths:1)
  An occultist (Depths:1)
  A sun demon (Depths:3)
  19 naga sharpshooters
  10 spriggan berserkers
  9 shock serpents
  16 deep elf knights
  A shadow wraith (Depths:1)
  A storm dragon zombie (Depths:2)
  A soul eater (Depths:1)
  A wretched star (Abyss:4)
  15 hell knights
  5 salamander mystics
  4 iron trolls
  3 goliath frogs
  2 skeletal warriors
  5 skysharks
  A glowing orange brain (shapeshifter) (Depths:3)
  14 sea snakes
  An orb spider (shapeshifter) (Depths:2)
  57 deep trolls
  A golden dragon skeleton (Depths:2)
  4 naga ritualists
  3 glowing orange brains
  4 flayed ghosts
  An arcanist (Vaults:3)
  16 ironbound convokers
  3 deep elf archers
  8 lindwurms
  A swamp dragon (shapeshifter) (Vaults:5)
  A harpy (shapeshifter) (D:15)
  8 necromancers
  29 deep elf zephyrmancers
  12 harpies
  10 orc knights
  12 mana vipers
  An orc sorcerer (Orc:2)
  A shining eye (shapeshifter) (Depths:3)
  28 deep elf pyromancers
  5 phantasmal warriors
  22 ugly things
  12 moths of wrath
  7 cyclopes
  26 manticores
  A will-o-the-wisp (Abyss:4)
  16 elephants
  3 wolf spiders
  A worldbinder (Abyss:4)
  13 salamanders
  10 merfolk sirens
  23 fauns
  10 water nymphs
  3 large abominations
  6 meliai (D:15)
  A fire giant skeleton (Depths:2)
  36 black mambas
  3 kobold blastminers (Orc:1)
  18 vault sentinels
  19 naga magi
  8 guardian serpents
  A smoke demon (Abyss:4)
  4 torpor snails (Lair:3)
  2 eyes of devastation (shapeshifter)
  4 centaur skeletons (D:13)
  2 gargoyles
  Maggie (D:8)
  20 cane toads
  A cane toad (shapeshifter) (Abyss:4)
  5 rime drakes
  2 unseen horrors
  3 freezing wraiths (Vaults:5)
  A kobold demonologist (D:11)
  5 tengu conjurers
  9 komodo dragons
  46 yaktaurs
  A spark wasp simulacrum (Depths:3)
  2 ancient zymes (Abyss:4)
  32 merfolk
  A polar bear (Lair:4)
  7 trolls
  9 wind drakes
  2 tyrant leeches (Lair:5)
  27 blink frogs
  10 hornets
  A glass eye (Depths:2)
  A tarantella (Vaults:3)
  A raiju (shapeshifter) (D:13)
  8 snapping turtles
  5 wraiths
  A centaur simulacrum (D:14)
  7 air elementals
  A culicivora (Vaults:3)
  2 jumping spiders
  20 slime creatures
  9 spriggans
  2 shadows
  A vampire (D:12)
  26 water elementals
  3 wyverns
  A hog (shapeshifter) (Vaults:5)
  4 fire elementals
  3 fire bats (Lair:3)
  3 basilisks
  A basilisk (shapeshifter) (D:12)
  54 yaks
  2 steam dragons (Lair:2)
  9 wargs
  A redback (shapeshifter) (Depths:1)
  2 redbacks
  18 vampire mosquitoes
  An elf skeleton (Vaults:2)
  A chaos spawn (Depths:1)
  A swamp worm (Vaults:2)
  A glowing shapeshifter zombie (Depths:3)
  46 nagas
  3 acid dragons
  9 water moccasins
  4 hell hounds (Abyss:4)
  A human skeleton (Vaults:2)
  An ice beast (D:5)
  A black bear (D:5)
  36 orc warriors
  A black bear (shapeshifter) (Elf:1)
  9 laughing skulls (Abyss:4)
  12 ogres
  A sky beast (D:8)
  2 human zombies (Vaults:2)
  4 boggarts
  6 wolves (Lair:2)
  13 centaurs
  2 phantoms
  9 kobold brigands
  A weeping skull (Ossuary)
  16 bullfrogs
  5 water moccasin zombies (Ossuary)
  A necrophage (D:6)
  A gnoll sergeant (D:5)
  5 scorpions
  2 small abominations
  3 wights (D:7)
  2 earth elementals
  14 killer bees
  5 howler monkeys
  4 electric eels
  A bombardier beetle (D:5)
  A hound (shapeshifter) (D:14)
  2 hounds
  A gnoll bouda (D:5)
  A spectral scorpion (Ossuary)
  36 orc priests
  4 iguanas (D:4)
  4 jellies
  Jessica (D:3)
  2 sleepcaps
  21 orc wizards
  8 hell rats
  A crocodile zombie (Ossuary)
  A bullfrog simulacrum (Ossuary)
  2 mummies (Ossuary)
  A hound skeleton (D:6)
  18 gnolls
  5 adders
  A shadow imp (D:6)
  2 white imps (D:7)
  2 ufetubi (D:5)
  2 adder zombies (Ossuary)
  A dart slug (D:1)
  87 orcs
  2 ribbon worms (D:2)
  4 ball pythons
  30 bats
  11 endoplasms
  3 giant cockroaches
  6 goblins
  11 hobgoblins
  4 jackals
  28 kobolds
  A quokka (D:1)
  4 frilled lizards
  7 gnoll zombies (Ossuary)
  4 jackal zombies (Ossuary)
  5 orc zombies (Ossuary)
  5 rats
  A starspawn tentacle (Abyss:4)
2138 creatures vanquished.

Vanquished Creatures (collateral kills)
  An ancient lich (Vaults:5)
  A vault warden (Vaults:4)
  A spriggan defender (Depths:2)
  A very ugly thing (Depths:3)
  6 dancing weapons (Elf:2)
  An alligator snapping turtle (Shoals:4)
  A naga warrior (Snake:4)
  A shock serpent (Snake:1)
  A deep elf knight (Elf:2)
  A deep troll (Vaults:4)
  A lindwurm (Vaults:3)
  A phantasmal warrior (Vaults:5)
  A cyclops (D:15)
  A manticore (D:14)
  A faun (Shoals:1)
  A vault sentinel (Vaults:4)
  2 black mambas (Snake:1)
  A human zombie (Vaults:2)
  A yaktaur (Vaults:5)
  2 merfolk
  A spriggan (Depths:2)
  A slime creature (D:15)
  4 wraiths (Lair:5)
  A boggart (D:15)
  An orc wizard (Orc:2)
  An orc (Orc:2)
36 creatures vanquished.

Vanquished Creatures (others)
  A deep elf death mage (Vaults:3)
  A ghost moth zombie (Vaults:4)
  A sea snake zombie (Shoals:4)
  A wind drake (Shoals:4)
  A satyr zombie (Shoals:3)
  A water elemental (Depths:4)
  A human (Snake:1)
  An orc (Orc:2)
  A quokka (D:5)
  2 starspawn tentacles (Abyss:4)
11 creatures vanquished.

Grand Total: 2185 creatures vanquished

Notes
Turn   | Place    | Note
-------+----------+-------------------------------------------
     0 | D:1      | CountryCottage the Vine Stalker Fighter began the quest for
                  | the Orb.
     0 | D:1      | Reached XP level 1. HP: 11/11 MP: 2/2
   206 | D:1      | Reached XP level 2. HP: 16/16 MP: 3/3
   297 | D:1      | Found a faded altar of an unknown god.
   784 | D:1      | Reached XP level 3. HP: 20/20 MP: 4/4
  1963 | D:2      | Reached XP level 4. HP: 22/24 MP: 1/5
  2290 | D:3      | Found a transporter.
  2290 | D:3      | Noticed samfromsteam's ghost (amateur MiBe)
  2294 | D:3      | Reached skill level 1 in Stealth
  2305 | D:3      | Found a transporter.
  2427 | D:2      | Reached XP level 5. HP: 28/28 MP: 6/6
  2486 | D:3      | Noticed Jessica
  2496 | D:3      | Killed Jessica
  3149 | D:4      | Reached XP level 6. HP: 16/32 MP: 5/7
  3186 | D:4      | Identified a scroll of acquirement
  3186 | D:4      | Acquired a +1 quick blade of draining
  3937 | D:5      | Entered Level 5 of the Dungeon
  3957 | D:5      | Reached XP level 7. HP: 31/37 MP: 4/8
  4179 | D:5      | Identified the +0 robe of Mezcal {+Inv Regen+ Str-2 SInv}
  4302 | D:5      | Found a white marble altar of Elyvilon.
  4361 | D:5      | Reached skill level 5 in Short Blades
  4456 | D:5      | Reached skill level 1 in Evocations
  4456 | D:5      | Gained mutation: You have razor-sharp teeth. [Vine Stalker
                  | growth]
  4456 | D:5      | Reached XP level 8. HP: 42/42 MP: 9/9
  4541 | D:5      | Found a shimmering blue altar of Sif Muna.
  4805 | D:6      | Reached skill level 1 in Dodging
  4989 | D:6      | Found a burning altar of Makhleb.
  4997 | D:6      | Reached skill level 5 in Armour
  5175 | D:6      | Reached XP level 9. HP: 46/46 MP: 10/10
  5183 | D:6      | Reached skill level 2 in Stealth
  5525 | D:7      | Found a snail-covered altar of Cheibriados.
  5569 | D:7      | Found a staircase to the Ecumenical Temple.
  5585 | Temple   | Entered the Ecumenical Temple
  5602 | Temple   | Became a worshipper of Uskayaw the Reveller
  5674 | D:7      | Reached * piety under Uskayaw
  5675 | D:7      | Reached ** piety under Uskayaw
  5705 | D:7      | Reached *** piety under Uskayaw
  5706 | D:7      | Reached skill level 5 in Fighting
  5706 | D:7      | Reached **** piety under Uskayaw
  5812 | D:7      | Noticed a deep elf pyromancer
  5812 | D:7      | Noticed a troll
  5830 | D:7      | HP: 1/47 [troll (3)]
  5831 | D:7      | Killed a troll
  5831 | D:7      | Reached ***** piety under Uskayaw
  6099 | D:7      | HP: 1/47 [burnt (11)]
  6265 | Temple   | Killed a deep elf pyromancer
  6266 | Temple   | Reached skill level 1 in Invocations
  6335 | D:7      | Noticed a cyclops
  6340 | D:7      | Killed a cyclops
  6341 | D:7      | Reached skill level 3 in Stealth
  6341 | D:7      | Reached XP level 10. HP: 41/53 MP: 9/12
  6361 | D:7      | Identified the +2 morningstar "Venaiput" {venom, rF+
                  | Stlth+}
  6609 | D:8      | Noticed Maggie
  6620 | D:8      | Killed Maggie
  6698 | D:8      | Reached skill level 4 in Stealth
  6734 | D:8      | Noticed Erica
  6748 | D:8      | Killed Erica
  6830 | D:8      | Found a sand-covered staircase.
  6842 | Ossuary  | Entered an ossuary
  6903 | Ossuary  | Reached skill level 5 in Stealth
  7216 | D:8      | Found a glowing golden altar of the Shining One.
  7300 | D:8      | Found an opulent altar of Gozag.
  7756 | D:9      | Found a shadowy altar of Dithmenos.
  7784 | D:9      | Reached XP level 11. HP: 56/58 MP: 15/15
  7792 | D:9      | Reached ****** piety under Uskayaw
  7812 | D:9      | Reached skill level 6 in Stealth
  8049 | D:9      | Found Tufayclal's Book Emporium.
  8056 | D:9      | Reached skill level 5 in Evocations
  8152 | D:9      | Noticed Erolcha
  8160 | D:9      | Killed Erolcha
  8398 | D:10     | Entered Level 10 of the Dungeon
  8792 | D:10     | Found a broken altar of Ashenzari.
  8981 | D:10     | Found a staircase to the Lair.
  9134 | Lair:1   | Entered Level 1 of the Lair of Beasts
  9350 | Lair:1   | Noticed a catoblepas
  9358 | Lair:1   | Reached skill level 7 in Stealth
  9358 | Lair:1   | Reached skill level 5 in Invocations
  9372 | Lair:1   | Killed a catoblepas
  9435 | Lair:1   | Noticed a boulder beetle
  9441 | Lair:1   | Killed a boulder beetle
  9442 | Lair:1   | Reached skill level 10 in Short Blades
  9465 | Lair:1   | Found a glowing golden altar of the Shining One.
  9586 | Lair:1   | Reached XP level 12. HP: 41/63 MP: 10/17
  9720 | Lair:1   | Reached skill level 8 in Stealth
  9950 | Lair:2   | Noticed a seven-headed hydra
  9953 | Lair:2   | Killed a seven-headed hydra
 10124 | Lair:2   | Reached skill level 9 in Stealth
 10651 | Lair:2   | Found a staircase to the Shoals.
 10745 | Lair:2   | Reached XP level 13. HP: 43/69 MP: 14/18
 11129 | Lair:2   | Reached skill level 10 in Stealth
 11235 | Lair:3   | Reached skill level 5 in Shields
 11452 | Lair:3   | Found a snail-covered altar of Cheibriados.
 11505 | Lair:3   | Found a staircase to the Snake Pit.
 11600 | Lair:3   | Identified the +7 long sword "Hazenid" {drain, *Noise
                  | +Blink rCorr Int+2}
 12269 | Lair:4   | Found a runed translucent door.
 12280 | Lair:4   | Noticed Syrim's ghost (journeyman DsSh)
 12339 | Lair:4   | Reached skill level 11 in Stealth
 12389 | Lair:4   | Found a viscous altar of Jiyva.
 12389 | Lair:4   | Found a staircase to the Slime Pits.
 12852 | Lair:5   | Entered Level 5 of the Lair of Beasts
 13068 | Lair:5   | Reached XP level 14. HP: 73/75 MP: 20/20
 13320 | Lair:5   | Noticed Josephine
 13332 | Lair:5   | Killed Josephine
 13846 | Lair:5   | Reached skill level 12 in Stealth
 14735 | D:11     | Identified the +9 spear of Death {flame, Str+2}
 15183 | D:12     | Gained mutation: You are partially covered in iridescent
                  | scales. (AC +2) [potion of mutation]
 15183 | D:12     | Gained mutation: You are weak. (Str -2) [potion of
                  | mutation]
 15183 | D:12     | Gained mutation: You are mostly covered in iridescent
                  | scales. (AC +4) [potion of mutation]
 15241 | D:12     | Found a staircase to the Orcish Mines.
 15422 | D:12     | Found Paepn's Armour Shoppe.
 15429 | D:12     | Bought a +2 buckler for 280 gold pieces
 15429 | D:12     | Bought the +1 pair of boots "Zaseotui" {^Drain rF+ Dex+5
                  | Stlth+} for 530 gold pieces
 15833 | D:13     | Reached XP level 15. HP: 80/80 MP: 22/22
 16188 | D:13     | Found Oxiclissi's Assorted Antiques.
 16195 | D:13     | Bought a scroll of enchant weapon for 150 gold pieces
 16261 | D:13     | Reached skill level 13 in Stealth
 16388 | D:13     | Reached skill level 10 in Fighting
 16547 | D:13     | Identified the ring "Lazaafa" {rF+ MP+9 Str+3 Int+3 SInv}
 16693 | D:13     | Found a gate to the Vaults.
 16826 | D:14     | Noticed a frost giant
 16842 | D:14     | Killed a frost giant
 17045 | D:14     | Noticed Kirke
 17392 | D:14     | Identified the +3 whip "Soxkit" {antimagic, Dex+4}
 17402 | D:14     | Killed Kirke
 17577 | D:15     | Entered Level 15 of the Dungeon
 17645 | D:15     | Noticed Agnes
 17652 | D:15     | Killed Agnes
 17653 | D:15     | Reached skill level 14 in Stealth
 17715 | D:15     | Found a staircase to the Depths.
 17719 | D:15     | Identified the amulet "Afy Biqi" {Acrobat ^Fragile +Inv
                  | rF+}
 17925 | D:15     | Reached skill level 5 in Dodging
 18099 | D:15     | Reached XP level 16. HP: 86/86 MP: 24/24
 18103 | D:15     | Reached skill level 10 in Invocations
 18120 | D:15     | Identified the blade talisman "Labeocro" {Int+3}
 18472 | D:15     | Found a blossoming altar of Fedhas.
 18678 | Orc:1    | Entered Level 1 of the Orcish Mines
 19351 | Orc:2    | Entered Level 2 of the Orcish Mines
 19414 | Orc:2    | Found a staircase to the Elven Halls.
 19821 | Orc:2    | Noticed Nessos
 19832 | Orc:2    | Killed Nessos
 19884 | Orc:2    | Found Titoletacu's Weapon Shop.
 19939 | Orc:2    | Reached skill level 15 in Stealth
 19988 | Orc:2    | Found Guriuhin's Book Boutique.
 20021 | Orc:2    | Found Atzof's Book Boutique.
 20602 | D:12     | Bought the +4 troll leather armour "Trusted Companion"
                  | {rPois Regen+ Str+3} for 892 gold pieces
 20749 | Snake:1  | Entered Level 1 of the Snake Pit
 20920 | Snake:1  | Reached skill level 10 in Evocations
 21197 | Snake:1  | Found a gateway to a bazaar.
 21202 | Snake:1  | HP: 3/86 [shock serpent/bolt of electricity (10)]
 21202 | Snake:1  | HP: 1/86 [shock serpent/bolt of electricity (2)]
 21259 | Bazaar   | Entered a bazaar
 21268 | Bazaar   | Found Cueduf's Antique Armour Shop.
 21295 | Bazaar   | Found Xapsofimo's Book Shop.
 21354 | Snake:1  | Reached skill level 16 in Stealth
 21906 | Snake:2  | Noticed Jorgrun
 21923 | Snake:2  | Killed Jorgrun
 21924 | Snake:2  | Reached XP level 17. HP: 34/91 MP: 19/26
 22444 | Snake:2  | Found a blossoming altar of Fedhas.
 22741 | Snake:3  | Reached skill level 17 in Stealth
 22744 | Snake:3  | Found Fimafy's Magic Scroll Boutique.
 22839 | Snake:3  | Bought a scroll of enchant weapon for 120 gold pieces
 22839 | Snake:3  | Bought a scroll of enchant armour for 120 gold pieces
 23894 | Snake:4  | Entered Level 4 of the Snake Pit
 23997 | Snake:4  | Reached skill level 15 in Short Blades
 24303 | Snake:4  | Reached skill level 18 in Stealth
 24303 | Snake:4  | Reached XP level 18. HP: 96/96 MP: 27/27
 24753 | Snake:4  | Got a serpentine rune of Zot
 25207 | Shoals:1 | Entered Level 1 of the Shoals
 25472 | Vaults:1 | Entered Level 1 of the Vaults
 26285 | Vaults:1 | Reached skill level 19 in Stealth
 26805 | Shoals:1 | Noticed Fayhism's ghost (adept DrSh)
 26894 | Shoals:1 | Found a runed translucent gate.
 26894 | Shoals:1 | Found a runed translucent gate.
 26894 | Shoals:1 | Found a runed translucent gate.
 27142 | Shoals:1 | Reached XP level 19. HP: 102/102 MP: 29/29
 27423 | Shoals:1 | Killed Fayhism's ghost
 27546 | Shoals:2 | You are sucked into a shaft and drop 1 floor!
 27563 | Shoals:3 | Noticed Polyphemus
 27573 | Shoals:3 | Killed Polyphemus
 27943 | Shoals:3 | Reached skill level 20 in Stealth
 27980 | Shoals:3 | Noticed Ilsuiw
 27991 | Shoals:3 | Killed Ilsuiw
 28623 | Shoals:2 | Identified the +0 scale mail of Understanding {Harm Int+4}
 29076 | Shoals:4 | Entered Level 4 of the Shoals
 29344 | Shoals:4 | Found a shimmering altar of Xom.
 29413 | Shoals:4 | Reached XP level 20. HP: 98/108 MP: 31/31
 29492 | Shoals:4 | Got the Incunabulum of Chilly Cinders
 29498 | Shoals:4 | Got the Reference Book on the Salvo and Scree
 29501 | Shoals:4 | Got a barnacled rune of Zot
 30151 | Vaults:2 | Reached skill level 21 in Stealth
 30338 | Vaults:2 | Reached skill level 10 in Shields
 30357 | Vaults:2 | Found Ciceit's Armour Emporium.
 30979 | Vaults:2 | Noticed Mennas
 30990 | Vaults:2 | Killed Mennas
 31246 | Vaults:3 | Identified the +8 dagger of the Tiger {speed, Int+6}
 31346 | Vaults:3 | Found a staircase to the Crypt.
 31922 | Vaults:3 | Paralysed by a sphinx for 3 turns
 31932 | Vaults:3 | Reached XP level 21. HP: 99/113 MP: 32/32
 32022 | Vaults:3 | Reached skill level 22 in Stealth
 32530 | Vaults:3 | Found Varo's Assorted Antiques.
 32541 | Vaults:3 | Noticed Zenata
 32547 | Vaults:3 | Killed Zenata
 33105 | Vaults:4 | Reached skill level 15 in Invocations
 33184 | Vaults:4 | Reached skill level 23 in Stealth
 33375 | Vaults:4 | Noticed Jory
 33389 | Vaults:4 | Killed Jory
 33644 | Vaults:4 | Reached XP level 22. HP: 119/119 MP: 34/34
 34094 | Elf:1    | Entered Level 1 of the Elven Halls
 34166 | Elf:1    | Found Igiemp's Antique Armour Shop.
 34257 | Elf:1    | Paralysed by an air elemental for 1 turns
 34312 | Elf:1    | Found the +8 orange crystal plate armour {Archmagi, Int+3
                  | Clar}
 34384 | Elf:1    | Got Zolul's Parchment of the Legion
 34907 | Elf:2    | Found Acopeem's Distillery.
 35156 | Elf:2    | Found a runed translucent gate.
 35156 | Elf:2    | Found a runed translucent gate.
 35159 | Elf:2    | Found a runed translucent gate.
 35249 | Elf:2    | Noticed Roxanne
 35269 | Elf:2    | Killed Roxanne
 35542 | Elf:2    | Identified the +3 kite shield "Poklyn" {rPois rN++ Slay-3
                  | SInv}
 35542 | Elf:2    | Noticed Asterion
 35552 | Elf:2    | Killed Asterion
 35945 | Elf:3    | Entered Level 3 of the Elven Halls
 36461 | Elf:3    | Paralysed by an air elemental for 1 turns
 36576 | Elf:3    | Paralysed by an air elemental for 1 turns
 36939 | Elf:3    | Reached skill level 24 in Stealth
 36958 | Elf:3    | Identified the +1 scale mail of an ice cave {Rampage rPois
                  | rC++}
 36958 | Elf:3    | Identified the ring of Cuco {rF+ rC- Dex+2 Slay+4}
 36968 | Elf:3    | Reached XP level 23. HP: 57/125 MP: 36/36
 36998 | Elf:3    | Identified the +8 chain mail of Ignis's Supremacy {-Tele
                  | rN+ Dex+3 Slay+3}
 37082 | Elf:3    | Identified the +7 whip "Naurroir" {vamp, rN+}
 37100 | Abyss:4  | Cast into level 4 of the Abyss (a deep elf sorcerer)
 37457 | Elf:3    | Escaped the Abyss
 37830 | Elf:3    | Identified the +4 spear of Contention {vamp, Dex+3 SInv}
 38340 | Depths:1 | Entered Level 1 of the Depths
 38362 | Depths:1 | Found a gateway to Hell.
 38436 | Depths:1 | You fall into a shaft and drop 1 floor!
 38507 | Depths:2 | Noticed a juggernaut
 38509 | Depths:2 | Killed a juggernaut
 38590 | Depths:2 | Identified the +0 ring mail of Happiness {rElec rF++ Will+
                  | Dex-3}
 38891 | Depths:2 | Noticed a juggernaut
 38900 | Depths:2 | Killed a juggernaut
 39099 | Depths:2 | Reached skill level 15 in Fighting
 39226 | Depths:2 | Found a transporter.
 39247 | Depths:2 | Noticed an ancient lich
 39248 | Depths:2 | Found a transporter.
 39322 | Depths:2 | Noticed the Enchantress
 39342 | Depths:2 | Killed the Enchantress
 39498 | Depths:2 | Identified the storm talisman of the Evening Star {rN+
                  | Dex-2 SInv Stlth+}
 39498 | Depths:2 | Noticed Sojobo
 39502 | Depths:2 | Paralysed by an air elemental for 1 turns
 39508 | Depths:2 | Paralysed by an air elemental for 1 turns
 39519 | Depths:2 | Killed Sojobo
 39520 | Depths:2 | Reached XP level 24. HP: 96/130 MP: 36/36
 39639 | Depths:2 | Identified the +5 scale mail "Taaron" {Rampage Int-3 Dex+5}
 39872 | Depths:2 | Noticed Vyimam's ghost (adept TrGl)
 39963 | Depths:2 | Found a one-way gate leading to the halls of Pandemonium.
 40302 | Depths:1 | Found Rienn's General Store.
 40304 | Depths:1 | Found Evekad's Distillery.
 40314 | Depths:1 | Found Lekuq's Antique Armour Shoppe.
 40329 | Depths:1 | Bought a scroll of brand weapon for 171 gold pieces
 40331 | Depths:1 | Bought a potion of curing for 45 gold pieces
 40331 | Depths:1 | Bought a potion of curing for 45 gold pieces
 40331 | Depths:1 | Bought 2 potions of curing for 90 gold pieces
 40331 | Depths:1 | Bought 2 potions of haste for 300 gold pieces
 40331 | Depths:1 | Bought 2 potions of might for 120 gold pieces
 40333 | Depths:1 | Acquired the +11 quick blade "Beastslayer" {venom, Dex+3
                  | SInv}
 40425 | Depths:1 | Found a runed translucent gate.
 40425 | Depths:1 | Found a runed translucent gate.
 40425 | Depths:1 | Found a runed translucent gate.
 40541 | Depths:1 | Found a one-way gateway to a ziggurat.
 40758 | Depths:1 | Reached skill level 15 in Evocations
 40865 | Depths:1 | Noticed Norris
 40884 | Depths:1 | Killed Norris
 41292 | Depths:3 | Reached skill level 25 in Stealth
 41347 | Depths:3 | Noticed Grunn
 41355 | Depths:3 | Killed Grunn
 41364 | Depths:3 | Gained mutation: Your system is resistant to poisons.
                  | (rPois) [a shining eye]
 41428 | Depths:3 | Noticed a caustic shrike
 41438 | Depths:3 | Killed a caustic shrike
 41547 | Depths:3 | Identified the amulet "Xidew" {Faith -Tele rElec rPois rN+}
 41819 | Depths:3 | Found a one-way gate to the infinite horrors of the Abyss.
 42161 | Depths:4 | Entered Level 4 of the Depths
 42249 | Depths:4 | Found Zyleagoeqe's Distillery.
 42252 | Depths:4 | Bought a potion of magic for 168 gold pieces
 42252 | Depths:4 | Bought 2 potions of curing for 126 gold pieces
 42252 | Depths:4 | Bought a potion of might for 84 gold pieces
 42370 | Depths:4 | Reached skill level 15 in Shields
 42443 | Depths:4 | Noticed a caustic shrike
 42456 | Depths:4 | Killed a caustic shrike
 42493 | Depths:4 | Reached XP level 25. HP: 137/137 MP: 36/36
 42494 | Depths:4 | Identified the +0 dagger of the Purple Skies {heavy, rF++
                  | Dex-2}
 42631 | Depths:4 | Identified the +0 chain mail of the Dungeon {+Blink rC-
                  | Str+4 Stlth+}
 42637 | Depths:4 | Acquired 666 gold pieces
 42652 | Depths:4 | Reached XP level 26. HP: 142/142 MP: 36/36
 42682 | Depths:4 | Found a portal to a secret trove of treasure.
 43154 | Depths:4 | Found a gate to the Realm of Zot.
 43835 | Vaults:5 | Entered Level 5 of the Vaults
 43862 | Vaults:5 | Reached skill level 26 in Stealth
 43875 | Vaults:5 | Reached skill level 10 in Armour
 43903 | Vaults:5 | Identified the +11 sling "Fekhly" {flame, rElec Will- Int-4
                  | Dex+10}
 43967 | Vaults:5 | Identified the staff "Murmur" {rElec rPois Int+3 Air}
 44022 | Vaults:5 | Noticed a dread lich
 44033 | Vaults:5 | Killed a dread lich
 44110 | Vaults:5 | Noticed an ancient lich
 44121 | Vaults:5 | Killed an ancient lich
 44430 | Vaults:5 | Noticed a dread lich
 44446 | Vaults:5 | Killed a dread lich
 44459 | Vaults:5 | Identified the +0 swamp dragon scales "Maudac" {rElec rPois
                  | rF+ Str+2}
 44537 | Vaults:5 | Noticed an ancient lich
 44547 | Vaults:5 | Killed an ancient lich
 44603 | Vaults:5 | Paralysed by a chaos spawn for 1 turns
 44774 | Vaults:5 | Noticed an ancient lich
 44785 | Vaults:5 | Got Sinimued's Secrets of the Congregation and the Welkin
 44788 | Vaults:5 | Killed an ancient lich
 44836 | Vaults:5 | Got Xopaodai's Secrets of Combat Magic and the Bonfire
 44889 | Vaults:5 | Reached XP level 27. HP: 121/148 MP: 37/37
 45208 | Vaults:5 | Got a silver rune of Zot
 45421 | Vaults:5 | Found the +7 captain's cutlass {speed, disarm}
 46083 | Zot:1    | Entered Level 1 of the Realm of Zot
 46432 | Zot:1    | Found a runed translucent gate.
 46433 | Zot:1    | Found a runed translucent gate.
 46433 | Zot:1    | Found Zilumyrph's Assorted Antiques.
 46453 | Zot:1    | Found a runed translucent gate.
 46453 | Zot:1    | Found an opulent altar of Gozag.
 46468 | Zot:1    | Noticed Gusador's ghost (legendary MiFi)
 46884 | Zot:1    | Found Logu's Assorted Antiques.
 47684 | Zot:2    | Killed from afar by a Killer Klown

Illustrated notes

Levels and vault maps discovered:
D:1:      dpeg_arrival_morbid_curiosity, layout_loops_ring,
          hellmonk_ecumenical_altar_zigzags
D:2:      minmay_skewed_foursquare, layout_loops_corners
D:3:      layout_loops_ring, gammafunk_ghost_arena, uniq_jessica
D:4:      layout_cave_pods, minmay_unequal
D:5:      layout_cave_pools, kennysheep_mini, elyvilon_altar_4,
          serial_column_ruins, column_ruins_columns_straight,
          column_ruins_open_medium, column_ruins_grid_1, column_ruins_grid_4,
          column_ruins_grid_1
D:6:      layout_rooms, makhleb_blood_cavern_becter, minmay_misc_feat_roman,
          nicolae_letterblocks [nicolae_letter_subblock,
          nicolae_letter_subblock, nicolae_letter_subblock,
          nicolae_letter_subblock, nicolae_letter_subblock,
          nicolae_letter_subblock, nicolae_letter_subblock,
          nicolae_letter_subblock, nicolae_letter_subblock,
          nicolae_letter_subblock, nicolae_letter_subblock,
          nicolae_letter_subblock, nicolae_letter_subblock,
          nicolae_letter_subblock, nicolae_letter_subblock,
          nicolae_letter_subblock, nicolae_letter_subblock,
          nicolae_letter_subblock, nicolae_letter_subblock,
          nicolae_letter_subblock, nicolae_letter_subblock,
          nicolae_letter_subblock, nicolae_letter_subblock,
          nicolae_letter_subblock, nicolae_letter_subblock]
D:7:      minmay_blocky_corners, layout_basic,
          mainiacjoe_overflow_small_starburst, minmay_temple_entry_waves
D:8:      layout_basic, lemuel_coloured_pillars_altar, tso_altar,
          enter_ossuary_1, serial_curves, eino_curves_03, eino_curves_01,
          eino_curves_04, uniq_erica, uniq_maggie
D:9:      layout_roguey, mainiacjoe_overflow_chevrons, serial_shops,
          nicolae_book_shop_shelving, uniq_erolcha
D:10:     layout_irregular_city, nicolae_overflow_crystal_walls,
          glass_columns_a, minmay_misc_feat_encased
D:11:     layout_long_grid
D:12:     layout_roguey, david_orc_1_choice, serial_shops, shop
D:13:     layout_long_grid, hangedman_vaults_entry_quadrant_bands, serial_shops,
          shop
D:14:     minmay_strange_plus, layout_cave_pools,
          hangedman_abyss_or_decor_jellyfish_corner, uniq_kirke
D:15:     hellmonk_depths_entry_around_the_bend, layout_long_grid,
          fedhas_altar_fruit_tree, uniq_agnes
Temple:   dpeg_chambers_temple
Lair:1:   layout_chaotic_city, basic_altar, columned_hall_lemuel,
          chequers_serial_rivers_micro_d
Lair:2:   wander_river, layout_regular_city, elwin_shoals_entry_rooms,
          disabler_island
Lair:3:   layout_chaotic_city, minmay_snake_entry_guardpost_small,
          nicolae_volcano_entry_batcave, kennysheep_snail_temple
Lair:4:   layout_misc_corridors, slime_entry_1, ebering_ghost_inner_flame,
          st_stairs_12, infiniplex_staircase_pool_2
Lair:5:   minmay_lair_end_frog_pond, layout_layer_cave, uniq_josephine
Shoals:1: cheibrodos_shoals_roost, layout_shoals, gammafunk_ghost_split
Shoals:2: layout_shoals
Shoals:3: layout_shoals, uniq_ilsuiw, uniq_polyphemus
Shoals:4: shoals_end_hellmonk_storm_palace [storm_palace_center_square,
          storm_palace_corner_reverse_hut, storm_palace_corner_pillars,
          storm_palace_corner_altar, storm_palace_corner_pillars]
Snake:1:  layout_onion, serial_shops, bzr_entry_customers
Snake:2:  kennysheep_six_static_rooms, layout_gridlike, basic_altar,
          serial_library_regret_index_double_sided, uniq_jorgrun
Snake:3:  layout_chambers, serial_shops, shop, grunt_megastairs_1
Snake:4:  grunt_snake_rune_spirals, layout_onion, special_room, drop_trap,
          st_stairs_7
Orc:1:    layout_caves, blackcustard_mines_bat_river
Orc:2:    st_orc_town, layout_caves, minmay_orc_temple_b, uniq_nessos
Elf:1:    layout_loops_cross, serial_shops, nicolae_shop_behind_doors,
          minmay_elf_demonology
Elf:2:    nicolae_elf_blades_splatter_lattice [grunt_blade_entry_basic],
          layout_gridlike, serial_shops, shop, guppyfry_elf_garden,
          uniq_asterion, uniq_roxanne
Elf:3:    nooodl_elf_gasket, layout_geoelf_castle
Vaults:1: nicolae_vaults_stairing_the_circle, vaults_room_ringed_pool,
          nicolae_vaults_little_squares_5, v_pattern_4,
          nicolae_vaults_diamond_1, nicolae_vaults_variable_pillar_hall,
          layout_vaults_quadrants
Vaults:2: nicolae_vaults_variable_pillar_hall_cross, grunt_vaults_hallway_long,
          nicolae_vaults_border_crossing, nicolae_vaults_tetromino_L_2,
          ontoclasm_vaults_eye, v_pattern_5, vaults_room_corners, v_rooms_4,
          nicolae_vaults_wrenched, layout_vaults_big_cross, serial_shops,
          nicolae_shop_tiny_statue_garden, uniq_mennas
Vaults:3: special_room_vaults [special_room_orc],
          minmay_crypt_entry_simple_round, nicolae_vaults_shrinking_rooms_2,
          vaults_mumra_chevron, nicolae_vaults_shelves_hall,
          dpeg_vaults_monster_row, v_misc_14, nicolae_vaults_big_angled_halls,
          hangedman_vaults_hat, vaults_room_pool,
          nicolae_vaults_trapezoid_lopsided_1, hangedman_vaults_nails,
          layout_vaults_omnibox, serial_shops, shop, uniq_zenata
Vaults:4: nicolae_vaults_storage_room_glass, v_misc_25, vaults_room_octagon,
          nicolae_vaults_twisting_passages, v_pattern_3, v_rooms_5,
          vaults_room_door_ring, v_rooms_1, v_alt_pattern_2,
          nicolae_vaults_surprise_closet_hard, vaults_mumra_minichess,
          layout_vaults_big_room, uniq_jory
Vaults:5
Depths:1: layout_gridlike, enter_ziggurat_e, hangedman_coc_ice_floe,
          pandoras_box_mu, nicolae_integral_box, minmay_shop_star,
          firewood_loft, uniq_norris
Depths:2: angbandy_vault, layout_basic, grunt_hell_horde, pan_entry,
          gammafunk_ghost_mausoleum, amcnicky_mini_pool_small,
          serial_library_hellmonk_hallway_b, uniq_enchantress, uniq_sojobo
Depths:3: regret_index_malice_mire, layout_cave_pools,
          hangedman_abyss_entry_splay, amcnicky_mini_rare_corridor_liquid,
          hangedman_geh_valley, minmay_staircase_windowed_large, uniq_grunn
Depths:4: evilmike_zot_entry_round, layout_basic,
          nicolae_trove_entry_free_sample, serial_shops,
          nicolae_shop_window_shopping, hell_entry, nicolae_sextant,
          kennysheep_underground_church, serial_bayou_shore_b
Zot:1:    layout_onion_interference, ebering_ghost_gozag, st_stairs_12
Zot:2:    cheibrodos_zot_enchanting_chambers, layout_basic,
          gammafunk_ghost_wrathful_warriors

Skill      XL: |  1  2  3  4  5  6  7  8  9 10 11 12 13 14 15 16 17 18 19 20 21 22 23 24 25 26 27 |
---------------+----------------------------------------------------------------------------------+-----
Fighting       | 3 4 5 6 7 8 9 10 11 12 13 14 15 16 17 | 17.1
Short Blades   | 2 3 4 5 6 7 8 10 11 12 13 14 15 16 17 18 | 18.9
Shields        | 3 4 5 6 7 8 9 10 11 12 13 16 17 18 | 18.0
Stealth        | 1 3 5 7 9 11 12 14 16 18 19 20 21 23 24 25 26 | 26.7
Armour         | 3 4 5 6 7 8 9 10 | 10.6
Evocations     | 1 2 3 4 5 6 7 8 9 10 11 12 13 14 15 16 | 16.4
Dodging        | 1 2 3 4 5 6 7 |  7.0
Invocations    | 2 4 5 6 7 8 9 11 12 13 14 15 16 17 18 | 18.9

Action                     |  1- 3 |  4- 6 |  7- 9 | 10-12 | 13-15 | 16-18 | 19-21 | 22-24 | 25-27 || total
---------------------------+-------+-------+-------+-------+-------+-------+-------+-------+-------++-------
  Melee: Rapier            |   107 |    39 |       |       |       |       |       |       |       ||   146
         Bite              |    16 |    50 |   110 |   358 |   642 |   561 |   760 |  1073 |   662 ||  4232
         Dagger            |       |    63 |       |       |       |       |    44 |       |       ||   107
         Quick blade       |       |    84 |   335 |   872 |  1311 |  1340 |  1492 |  1926 |   798 ||  8158
         Cutlass           |       |       |       |       |       |       |       |       |   249 ||   249
 Invoke: Grand Finale      |       |       |       |       |     2 |       |     2 |     5 |     1 ||    10
  Evoke: Wand              |       |       |       |       |     1 |     4 |       |       |       ||     5
         Sack of spiders   |       |       |       |       |     2 |     3 |     3 |     4 |     1 ||    13
         Phial of floods   |       |       |       |       |     1 |     1 |       |     3 |       ||     5
         Phantom mirror    |       |       |       |       |       |     1 |     2 |     2 |       ||     5
         Tin of tremorston |       |       |       |       |       |       |     1 |     3 |       ||     4
         Lightning rod     |       |       |       |       |       |       |       |     5 |       ||     5
    Use: Potion            |     4 |     1 |     4 |     1 |     4 |     3 |     3 |     3 |       ||    23
         Scroll            |     5 |     2 |     5 |     9 |     6 |    12 |     2 |    13 |     8 ||    62
   Stab: Paralysed         |       |       |     5 |    49 |    74 |    95 |   134 |   115 |    63 ||   535
         Sleeping          |       |       |       |    16 |    30 |    98 |    70 |    20 |     8 ||   242
         Distracted        |       |       |       |       |     7 |    13 |     6 |     6 |     5 ||    37
         Held in net/web   |       |       |       |       |       |     1 |     2 |       |       ||     3
         Confused          |       |       |       |       |       |       |    17 |     4 |     3 ||    24
         Petrifying        |       |       |       |       |       |       |     1 |       |       ||     1
 Armour: Scale mail        |    50 |    39 |       |       |       |       |       |       |       ||    89
         Plate armour      |       |    70 |   172 |    24 |       |       |       |       |       ||   266
         Acid dragon scale |       |       |       |   217 |   391 |    93 |       |       |       ||   701
         Skin              |       |       |       |       |     1 |       |       |       |       ||     1
         Troll leather arm |       |       |       |       |       |   180 |   149 |       |       ||   329
         Storm dragon scal |       |       |       |       |       |       |   327 |    38 |       ||   365
         Crystal plate arm |       |       |       |       |       |       |       |   523 |   342 ||   865
  Dodge: Dodged            |    48 |    40 |    35 |   173 |   291 |   308 |   220 |    89 |    40 ||  1244
  Block: Buckler           |    19 |    26 |    51 |    78 |   223 |   176 |       |       |       ||   573
         Tower shield      |       |       |       |       |       |   247 |   772 |   811 |   643 ||  2473

Table legend: (Time is in decaauts)
 A = Elapsed time spent in this place.
 B = Non-inter-level travel time spent in this place.
 C = Inter-level travel time spent in this place.
 D = Time resting spent in this place.
 E = Time spent auto-exploring this place.
 F = Levels seen in this place.
 G = Mean time per level.
                   A        B        C        D        E       F      G
               +--------+--------+--------+--------+--------+-----+--------+
         Total |  46201 |  40936 |   5265 |    494 |  30576 |  48 |  962.5 |
       Dungeon |  14037 |  12040 |   1997 |    384 |   9245 |  15 |  935.8 |
        Temple |    223 |    199 |     24 |      6 |    175 |   1 |  223.0 |
          Lair |   5873 |   4992 |    881 |    100 |   3692 |   5 | 1174.6 |
        Shoals |   3145 |   2894 |    251 |      4 |   2061 |   4 |  786.2 |
     Snake Pit |   4050 |   3754 |    296 |      0 |   2831 |   4 | 1012.5 |
  Orcish Mines |   1883 |   1509 |    374 |      0 |   1098 |   2 |  941.5 |
   Elven Halls |   3439 |   3117 |    322 |      0 |   2269 |   3 | 1146.3 |
        Vaults |   6542 |   5889 |    653 |      0 |   4295 |   5 | 1308.4 |
        Depths |   5022 |   4576 |    446 |      0 |   3496 |   4 | 1255.5 |
           Zot |   1454 |   1438 |     16 |      0 |   1156 |   2 |  727.0 |
         Abyss |    321 |    321 |      0 |      0 |    154 |   1 |  321.0 |
        Bazaar |     55 |     55 |      0 |      0 |     38 |   1 |   55.0 |
       Ossuary |    151 |    151 |      0 |      0 |     66 |   1 |  151.0 |
               +--------+--------+--------+--------+--------+-----+--------+

Top non-repeatable levels by time:
Depths:2: 1777 daAuts
   Elf:3: 1604 daAuts
Vaults:5: 1597 daAuts
  Lair:2: 1531 daAuts
   Zot:1: 1439 daAuts
  Lair:5: 1383 daAuts
    D:13: 1340 daAuts
Vaults:3: 1324 daAuts
     D:2: 1281 daAuts
Depths:4: 1267 daAuts
Vaults:4: 1241 daAuts
Vaults:2: 1240 daAuts
 Snake:3: 1202 daAuts
  Lair:1: 1196 daAuts
   Orc:2: 1194 daAuts
